 Dungeon Crawl Stone Soup version 0.21-a0-513-gdcb3f5e (webtiles) character file.

32 Gwenloh the Poker (level 3, 0/29 HPs)
             Began as a Human Monk on Dec 1, 2017.
             Succumbed to an adder's poison
             ... on level 2 of the Dungeon.
             The game lasted 00:03:39 (1195 turns).

Gwenloh the Poker (Human Monk)                      Turns: 1195, Time: 00:03:40

Health: 0/29       AC:  6    Str: 12    XL:     3   Next: 45%
Magic:  3/3        EV: 10    Int: 10    God:
Gold:   71         SH:  0    Dex: 15    Spells: 2/2 levels left

rFire    . . .     SeeInvis .   a - +0 spear
rCold    . . .     Gourm    .   (no shield)
rNeg     . . .     Faith    .   m - +0 scale mail
rPois    .         Spirit   .   (no helmet)
rElec    .         Reflect  .   (no cloak)
rCorr    .         Harm     .   (no gloves)
MR       .....                  (no boots)
Stlth    +.........             (no amulet)
HPRegen  0.09/turn              (no ring)
MPRegen  0.08/turn              (no ring)

@: lethally poisoned (0 -> -10)
A: no striking features
a: no special abilities


You were on level 2 of the Dungeon.
You were hungry.

You visited 1 branch of the dungeon, and saw 2 of its levels.

You collected 71 gold pieces.

Inventory:

Hand Weapons
 a - a +0 spear (weapon)
Missiles
 e - 16 poisoned needles
 l - 38 bolts
Armour
 b - a +0 robe
 h - a +0 ring mail
 m - a +0 scale mail (worn)
Scrolls
 d - 2 scrolls of immolation {unknown}
 g - a scroll of fog {unknown}
 i - a scroll of random uselessness {unknown}
 k - a scroll of enchant armour {unknown}
 n - a scroll of remove curse {unknown}
Comestibles
 c - a bread ration
 j - a meat ration
 o - a royal jelly


   Skills:
 + Level 3.3 Fighting
 + Level 3.4 Polearms
 + Level 1.1 Armour
 + Level 3.3 Dodging
 - Level 2.0 Stealth


You had 2 spell levels left.
You didn't know any spells.

Dungeon Overview and Level Annotations

Branches:
Dungeon (2/15)

Altars:


Message History

You hit the adder.
The adder is almost dead.
* * * LOW HITPOINT WARNING * * *
You feel sick. The adder closely misses you.
You hit the adder.
You kill the adder!
Your Armour skill increases to level 1!
* * * LOW HITPOINT WARNING * * *
You feel sick.
You hit the kobold.
You kill the kobold!
* * * LOW HITPOINT WARNING * * *
You feel sick.
You aren't carrying any potions.
There is a lethal amount of poison in your body!
* * * LOW HITPOINT WARNING * * *
You feel sick.
* * * LOW HITPOINT WARNING * * *
You feel sick.
You die...

#.....#.#.#.# #..#..
#..........#### .......
#....#..........#..####
###....#......... ..
..##......#.........
...................# .
....##.#.#..รท.....#
....###..#.#........#
............@........
....###.##.#.........
.. #.##.#.........
#.##.#.(.......
#K##.........(.
#.#..##.......? ..#.##
....... .... .......


There were no monsters in sight!

Vanquished Creatures
  An adder (D:2)
  An ooze (D:1)
  2 dart slugs
  A leopard gecko (D:1)
  2 ball pythons (D:1)
  5 bats
  A goblin (D:1)
  A frilled lizard (D:1)
  A kobold (D:2)
15 creatures vanquished.

Vanquished Creatures (others)
  An adder (D:2)
1 creature vanquished.

Grand Total: 16 creatures vanquished

Notes
Turn   | Place    | Note
-------+----------+-------------------------------------------
     0 | D:1      | Gwenloh the Human Monk began the quest for the Orb.
     0 | D:1      | Reached XP level 1. HP: 18/18 MP: 1/1
   266 | D:1      | Reached XP level 2. HP: 24/24 MP: 2/2
   810 | D:2      | Reached XP level 3. HP: 6/29 MP: 3/3
   842 | D:2      | HP: 1/29 [poisoned by an adder]
  1190 | D:2      | Reached skill level 1 in Armour
  1193 | D:2      | HP: 1/29 [poisoned by an adder]
  1195 | D:2      | Succumbed to an adder's poison

Vault maps used:
D:1:      nagdon_arrival_zigzag_paths, minmay_pentomino_p2
D:2:      uniq_crazy_yiuf_cottage

Skill      XL: |  1  2  3 |
---------------+----------+-----
Armour         | 1 |  1.1
Fighting       | |  3.3
Polearms       | |  3.4
Dodging        | |  3.3
Stealth        | |  2.0

Action                   || total
-------------------------++-------
Melee: Spear             ||    72
  Use: Potion            ||     1
 Stab: Sleeping          ||     2
Armor: Scale mail        ||    30
       Ring mail         ||     3
Dodge: Dodged            ||    44

Table legend:
 A = Spawn XP
 B = Non-spawn XP
 C = Spawn XP percentage of total XP
 D = Spawn monster count
 E = Non-spawn monster count
 F = Spawn count percentage of total count
 G = Total turns spent on level
                    A         B        C        D         E        F      G
               +---------+---------+-------+---------+---------+-------+---------
         Total |       0 |      47 |   0.0 |       0 |      15 |   0.0 |  1195
               +---------+---------+-------+---------+---------+-------+---------
           D:1 |       0 |      26 |   0.0 |       0 |      10 |   0.0 |   781
           D:2 |       0 |      21 |   0.0 |       0 |       5 |   0.0 |   414
               +---------+---------+-------+---------+---------+-------+---------
